 Dungeon Crawl Stone Soup version 0.24.0-125-gc4c63601f3 (webtiles) character file.

Game seed: 15544176956345770932, levelgen mode: deterministic

655 Curus the Cleaver (level 7, -2/57 HPs)
             Began as a Minotaur Berserker on Mar 17, 2020.
             Was a Priest of Trog.
             Slain by a gnoll
             ... wielding a +0 halberd of flaming
              (7 damage)
             ... on level 6 of the Dungeon.
             The game lasted 00:16:08 (3121 turns).

Curus the Cleaver (Minotaur Berserker)              Turns: 3121, Time: 00:16:08

Health: -2/57      AC:  8    Str: 22    XL:     7   Next: 29%
Magic:  6/6        EV:  7    Int:  6    God:    Trog [***...]
Gold:   223        SH:  3    Dex: 11    Spells: 6/6 levels left

rFire    . . .     SeeInvis .   j - +0 war axe
rCold    + . .     Gourm    .   d - +0 buckler
rNeg     . . .     Faith    .   n - +0 chain mail
rPois    .         Spirit   .   (helmet restricted)
rElec    .         Reflect  .   (no cloak)
rCorr    .         Harm     .   (no gloves)
MR       +....                  (no boots)
Stlth    ..........             (no amulet)
HPRegen  0.19/turn              h - ring of wizardry
MPRegen  0.10/turn              m - ring of protection from cold

@: berserk cooldown, slowed, very slow
A: retaliatory headbutt, hooves 1, horns 2, agile 1, magic resistance 1
a: Berserk, Trog's Hand, Renounce Religion


You were on level 6 of the Dungeon.
You worshipped Trog.
Trog was most pleased with you.
You were near starving.

You visited 1 branch of the dungeon, and saw 6 of its levels.

You collected 223 gold pieces.

Inventory:

Hand Weapons
 a - a +0 hand axe
 j - a +0 war axe (weapon)
Armour
 b - a +1 animal skin
 d - a +0 buckler (worn)
 f - a +0 scale mail
 n - a +0 chain mail (worn)
Jewellery
 h - a ring of wizardry (left hand)
 m - a ring of protection from cold (right hand)
Wands
 l - a wand of enslavement (7)
Scrolls
 e - 5 scrolls of identify
 g - 4 scrolls of remove curse
Potions
 i - a potion of curing
 k - 2 potions of brilliance
 o - 2 potions of haste
 p - a potion of flight
Comestibles
 c - 12 rations


   Skills:
 - Level 3.6 Fighting
 + Level 10.2 Axes
 - Level 2.4 Armour
 - Level 2.1 Dodging


You had 6 spell levels left.
You didn't know any spells.
Your spell library was empty.

Dungeon Overview and Level Annotations

Branches:
Dungeon (5/15)
 Temple: D:4-7

Altars:
Ashenzari
Cheibriados
Elyvilon
Nemelex Xobeh
Zin


Innate Abilities, Weirdness & Mutations

You reflexively headbutt those who attack you in melee.
You have a pair of horns on your head.
You have large cloven feet.
You are agile. (Dex +2)
You are resistant to hostile enchantments. (MR+)


Message History

You barely miss the giant cockroach zombie.
You kick the giant cockroach zombie.
The giant cockroach zombie is heavily damaged.
You slash the giant cockroach zombie!
You destroy the giant cockroach zombie!
Trog accepts your kill. The gnoll barely misses you.
You slice the gnoll!!
You kill the gnoll!
Trog accepts your kill. The gnoll closely misses you.
You are no longer berserk.
You are exhausted.
You feel yourself slow down. The gnoll hits you but does no damage.
Items here: ))) [[ † You closely miss the gnoll.
You kick the gnoll. Your headbutt misses the gnoll.
The gnoll is moderately wounded.
You slash the gnoll!
The gnoll hits you with a +0 halberd of flaming!
You die...

........ #...... .
#..#. .## .# #....
..###...
#....##.......
#.%...........
#.......#####.
#...)....####
#........g@..#
#?........g##..#
............##....
...#......#.........
...#......##........
.. ###.#### .##.....
#. .# $... # ....


You could see 2 gnolls.

Vanquished Creatures
  Edmund (D:6)
  An orc warrior (D:6)
  2 howler monkeys (D:4)
  3 hounds
  Ijyb (D:4)
  An iguana (D:5)
  2 worker ants (D:4)
  A hound skeleton (D:4)
  5 adders
  A gnoll (D:6)
  A shadow imp (D:5)
  3 oozes
  3 adder skeletons
  A dart slug (D:2)
  3 leopard geckos
  7 orcs
  A giant cockroach (D:3)
  6 goblins
  4 hobgoblins
  6 jackals
  9 kobolds
  5 quokkas
  2 ball pythons
  5 bats
  10 frilled lizards
  A giant cockroach zombie (D:6)
  A quokka skeleton (D:5)
  10 rats
96 creatures vanquished.

Notes
Turn   | Place    | Note
-------+----------+-------------------------------------------
     0 | D:1      | Curus the Minotaur Berserker began the quest for the Orb.
     0 | D:1      | Reached XP level 1. HP: 19/19 MP: 0/0
    55 | D:1      | Reached skill level 4 in Axes
    80 | D:1      | Reached XP level 2. HP: 25/26 MP: 1/1
   547 | D:1      | Reached skill level 5 in Axes
   903 | D:2      | Reached XP level 3. HP: 30/31 MP: 2/2
   907 | D:2      | Reached ** piety under Trog
  1454 | D:2      | Gained mutation: You are resistant to hostile enchantments.
                  | (MR+) [potion of mutation]
  1454 | D:2      | Gained mutation: You are agile. (Dex +2) [potion of
                  | mutation]
  1454 | D:2      | Gained mutation: You have large cloven feet. [potion of
                  | mutation]
  1573 | D:2      | Reached skill level 6 in Axes
  1573 | D:2      | Reached XP level 4. HP: 39/39 MP: 3/3
  2067 | D:4      | Noticed Ijyb
  2068 | D:4      | Reached XP level 5. HP: 40/45 MP: 4/4
  2076 | D:4      | Reached skill level 7 in Axes
  2144 | D:4      | Killed Ijyb
  2144 | D:4      | Reached *** piety under Trog
  2188 | D:4      | Reached skill level 8 in Axes
  2207 | D:4      | Reached XP level 6. HP: 42/51 MP: 5/5
  2553 | D:5      | Entered Level 5 of the Dungeon
  2872 | D:5      | Reached skill level 9 in Axes
  2900 | D:5      | Found a sparkling altar of Nemelex Xobeh.
  2905 | D:5      | Found a shattered altar of Ashenzari.
  2905 | D:5      | Found a snail-covered altar of Cheibriados.
  2911 | D:5      | Found a white marble altar of Elyvilon.
  2914 | D:5      | Found a glowing silver altar of Zin.
  3092 | D:5      | You fall into a shaft and drop 1 floor!
  3092 | D:6      | Noticed Edmund
  3092 | D:6      | Noticed an orc warrior
  3114 | D:6      | Killed Edmund
  3114 | D:6      | Reached XP level 7. HP: 19/57 MP: 6/6
  3116 | D:6      | Reached skill level 10 in Axes
  3121 | D:6      | Slain by a gnoll

Levels and vault maps discovered:
D:1:      tarquinn_simple_flora_water_e, layout_basic
D:2:      layout_basic, kennysheep_generic_room_4
D:3:      layout_rooms, kennysheep_generic_room_10
D:4:      layout_rooms, uniq_ijyb
D:5:      layout_loops_ring, minmay_overflow_temple_star_hex,
          gammafunk_ghost_smash, first_ration
D:6:      layout_rooms, temple_doors_e, lemuel_flame_loot_1, uniq_edmund

Skill      XL: |  1  2  3  4  5  6  7 |
---------------+----------------------+-----
Axes           | 4 5 6 8 9 10 | 10.2
Fighting       | |  3.6
Armour         | |  2.4
Dodging        | |  2.1

Action                   |  1- 3 |  4- 6 |  7- 9 || total
-------------------------+-------+-------+-------++-------
Melee: Hand axe          |   109 |    20 |       ||   129
       Headbutt          |     8 |    17 |       ||    25
       War axe           |       |    84 |     6 ||    90
       Kick              |       |    25 |     2 ||    27
Invok: Berserk           |     1 |     1 |       ||     2
  Use: Scroll            |     5 |     4 |       ||     9
       Potion            |     4 |     1 |       ||     5
  Eat: Chunk             |     3 |     4 |       ||     7
Armor: Animal skin       |    21 |       |       ||    21
       Scale mail        |    20 |    14 |       ||    34
       Chain mail        |       |    18 |     1 ||    19
Dodge: Dodged            |    64 |    39 |     2 ||   105
Block: Buckler           |     7 |     6 |       ||    13
